 Dungeon Crawl Stone Soup version 0.21.1-1-g345015f (webtiles) character file.

47 theblackcape the Magician (level 3, -1/31 HPs)
             Began as a Gnoll Wanderer on June 10, 2018.
             Slain by a gnoll
             ... wielding a +0 whip
              (6 damage)
             ... on level 2 of the Dungeon.
             The game lasted 00:05:06 (1040 turns).

theblackcape the Magician (Gnoll Wanderer)          Turns: 1040, Time: 00:05:07

Health: -1/31      AC:  5    Str: 13    XL:     3   Next: 70%
Magic:  9/9        EV: 11    Int: 16    God:
Gold:   53         SH:  0    Dex: 14    Spells: 12/12 levels left

rFire    . . .     SeeInvis .   a - +2 falchion
rCold    . . .     Gourm    .   (no shield)
rNeg     . . .     Faith    .   j - +0 ring mail
rPois    .         Spirit   .   (no helmet)
rElec    .         Reflect  .   (no cloak)
rCorr    .         Harm     .   (no gloves)
MR       .....                  (no boots)
Stlth    +.........             (no amulet)
HPRegen  0.10/turn              e - ring of flight
MPRegen  0.11/turn              (no ring)

@: no status effects
A: distributed training, fangs 1, strong nose
a: Evoke Flight


You were on level 2 of the Dungeon.
You were not hungry.

You visited 1 branch of the dungeon, and saw 2 of its levels.

You collected 53 gold pieces.

Inventory:

Hand Weapons
 a - a +2 falchion (weapon)
Missiles
 c - 5 tomahawks (quivered)
Armour
 j - a +0 ring mail (worn)
Jewellery
 e - a ring of flight (left hand)
 k - an uncursed amulet of harm {unknown}
Scrolls
 g - 2 scrolls of remove curse {unknown}
 h - 5 scrolls of identify
 i - 2 scrolls of fog {unknown}
 l - a scroll of teleportation {unknown}
Potions
 b - 2 potions of curing
Comestibles
 d - 4 rations


   Skills:
 + Level 4.5 Fighting
 + Level 0.9 Short Blades
 + Level 4.5 Long Blades
 + Level 0.9 Axes
 + Level 0.9 Maces & Flails
 + Level 0.9 Polearms
 + Level 0.9 Staves
 + Level 0.9 Slings
 + Level 0.9 Bows
 + Level 0.9 Crossbows
 + Level 2.6 Throwing
 + Level 0.9 Armour
 + Level 2.6 Dodging
 + Level 0.9 Stealth
 + Level 2.6 Shields
 + Level 0.9 Unarmed Combat
 + Level 5.0 Spellcasting
 + Level 2.1 Conjurations
 + Level 0.6 Hexes
 + Level 0.6 Charms
 + Level 0.6 Summonings
 + Level 0.6 Necromancy
 + Level 0.6 Translocations
 + Level 0.6 Transmutations
 + Level 0.6 Fire Magic
 + Level 0.6 Ice Magic
 + Level 0.6 Air Magic
 + Level 0.6 Earth Magic
 + Level 0.6 Poison Magic
 + Level 1.0 Invocations
 + Level 0.9 Evocations


You had 12 spell levels left.
You didn't know any spells.

Dungeon Overview and Level Annotations

Branches:
Dungeon (2/15)

Altars:


Innate Abilities, Weirdness & Mutations

Your experience applies equally to all skills.
You have very sharp teeth.
Your uncanny sense of smell can sniff out nearby items.


Message History

The gnoll hits you from afar with a spear!
The gnoll barely misses you.
You riposte.
You hit the gnoll.
The gnoll is moderately wounded.
All of the chunks of flesh in your inventory have rotted away.
You hit the gnoll.
The gnoll is moderately wounded.
The gnoll hits you from afar with a spear.
The gnoll barely misses you.
You barely miss the gnoll.
The gnoll is moderately wounded.
The gnoll hits you from afar with a spear.
The gnoll hits you with a whip. The gnoll barely misses you.
The gnoll hits you with a spear.
* * * LOW HITPOINT WARNING * * *
The gnoll hits you from afar with a spear.
* * * LOW HITPOINT WARNING * * *
The gnoll hits you with a whip.
* * * LOW HITPOINT WARNING * * *
The gnoll hits you with a whip.
You die...

..?. .... ...g.
.(...## ###
.....g.##@##########
......g.#.g.........
.....#..#g#.........
......!.g.#........
#####..........##
#.######...#
...#........# ....
#.####..<# .....
##.##


You could see 3 gnolls.

Vanquished Creatures
  An adder (D:2)
  A dart slug (D:1)
  A leopard gecko (D:1)
  3 giant cockroaches (D:1)
  4 goblins (D:1)
  4 hobgoblins (D:1)
  5 jackals (D:1)
  2 kobolds (D:1)
  A ball python (D:1)
  4 bats (D:1)
  3 frilled lizards (D:1)
  4 rats (D:1)
33 creatures vanquished.

Notes
Turn   | Place    | Note
-------+----------+-------------------------------------------
     0 | D:1      | theblackcape the Gnoll Wanderer began the quest for the Orb.
     0 | D:1      | theblackcape set off with: a +2 falchion, 2 potions of curing, a +0 robe, a ration
     0 | D:1      | Reached XP level 1. HP: 20/20 MP: 6/6
   112 | D:1      | Reached XP level 2. HP: 14/26 MP: 7/7
   562 | D:2      | Reached skill level 5 in Spellcasting
   562 | D:2      | Reached XP level 3. HP: 25/31 MP: 7/9
   660 | D:1      | Reached skill level 1 in Invocations
  1040 | D:2      | Slain by a gnoll

Skill      XL: |  1  2  3 |
---------------+----------+-----
Conjurations   | 2 |  2.1
Spellcasting   | 5 |  5.0
Invocations    | 1 |  1.0
Fighting       | |  4.5
Short Blades   | |  0.9
Long Blades    | |  4.5
Axes           | |  0.9
Maces & Flails | |  0.9
Polearms       | |  0.9
Staves         | |  0.9
Slings         | |  0.9
Bows           | |  0.9
Crossbows      | |  0.9
Throwing       | |  2.6
Armour         | |  0.9
Dodging        | |  2.6
Stealth        | |  0.9
Shields        | |  2.6
Unarmed Combat | |  0.9
Hexes          | |  0.6
Charms         | |  0.6
Summonings     | |  0.6
Necromancy     | |  0.6
Translocations | |  0.6
Transmutations | |  0.6
Fire Magic     | |  0.6
Ice Magic      | |  0.6
Air Magic      | |  0.6
Earth Magic    | |  0.6
Poison Magic   | |  0.6
Evocations     | |  0.9

Action                   || total
-------------------------++-------
Melee: Falchion          ||    79
       Bite              ||     4
 Abil: Evoke Flight      ||     1
  Use: Scroll            ||     1
  Eat: Chunk             ||     1
Armor: Robe              ||     5
       Ring mail         ||    17
Dodge: Dodged            ||    66
       Rpst.: Falchion   ||    23
